 Dungeon Crawl Stone Soup version 0.23.0-3-gf3c87f2 (webtiles) character file.

Game seed: 12947355052089768536

134 MalarOregon the Caller (level 5, -4/38 HPs)
             Began as a Merfolk Summoner on Feb 25, 2019.
             Killed by divine providence
             ... invoked by an orc priest
              (11 damage)
             ... on level 3 of the Dungeon.
             The game lasted 00:04:22 (2433 turns).

MalarOregon the Caller (Merfolk Summoner)           Turns: 2433, Time: 00:04:22

Health: -4/38      AC:  5    Str:  9    XL:     5   Next: 17%
Magic:  1/9        EV: 14    Int: 15    God:
Gold:   93         SH:  0    Dex: 14    Spells: 3/9 levels left

rFire    . . .     SeeInvis .   s - +2 mace (crush)
rCold    . . .     Gourm    .   (no shield)
rNeg     . . .     Faith    .   a - +0 robe
rPois    .         Spirit   .   h - +0 helmet
rElec    .         Reflect  .   (no cloak)
rCorr    .         Harm     .   m - +1 pair of gloves
MR       .....                  (no boots)
Stlth    ++........             (no amulet)
HPRegen  0.12/turn              (no ring)
MPRegen  0.11/turn              (no ring)

@: no status effects
A: change form in water, swift swim, stealthy swim
a: no special abilities


You were on level 3 of the Dungeon.
You were hungry.

You visited 1 branch of the dungeon, and saw 3 of its levels.

You collected 93 gold pieces.

Inventory:

Hand Weapons
 i - a +2 dagger of holy wrath
   (You found it on level 1 of the Dungeon)
 s - a +2 mace of crushing (weapon)
   (You found it on level 1 of the Dungeon)
Armour
 a - a +0 robe (worn)
 h - a +0 helmet (worn)
   (You found it on level 1 of the Dungeon)
 m - a +1 pair of gloves (worn)
   (You found it on level 1 of the Dungeon)
Jewellery
 f - an uncursed ring of ice {unknown}
   (You found it on level 1 of the Dungeon)
 n - an uncursed ring of ice {unknown}
   (You found it on level 1 of the Dungeon)
Scrolls
 c - a scroll of remove curse {unknown}
 d - 2 scrolls of identify {unknown}
 j - a scroll of enchant armour {unknown}
 k - a scroll of random uselessness {unknown}
 q - a scroll of teleportation {unknown}
 r - a scroll of enchant weapon {unknown}
 t - a scroll of blinking {unknown}
Potions
 g - a potion of resistance {unknown}
 l - a potion of mutation {unknown}
 o - a potion of curing {unknown}
 p - a potion of magic {unknown}
Comestibles
 b - 17 chunks of flesh
 e - 6 rations {!d}


   Skills:
 + Level 2.2 Fighting
 + Level 4.1 Dodging
 - Level 2.1 Stealth
 + Level 2.9 Spellcasting
 + Level 4.7 Summonings


You had 3 spell levels left.
You knew the following spells:

 Your Spells              Type           Power        Failure   Level  Hunger
a - Summon Small Mammal   Summ           ###.         3%          1    #......
c - Call Canine Familiar  Summ           ###.....     9%          3    ###....
x - Call Imp              Summ           ###.....     4%          2    ##.....

Your spell library contained the following spells:

 Spells                   Type           Power        Failure   Level  Hunger
 Summon Guardian Golem    Hex/Summ       #.......     24%         3    ###....
 Summon Ice Beast         Ice/Summ       #.......     61%         4    #####..
 Summon Lightning Spire   Summ/Air       #.......     61%         4    #####..


Dungeon Overview and Level Annotations

Branches:
Dungeon (3/15)

Altars:


Message History

An orc comes into view. It is wielding a +0 short sword.
An orc is nearby!
An orc is nearby!
A beastly little devil appears in a puff of flame.
A beastly little devil appears in a puff of flame.
A beastly little devil appears in a puff of flame.
You are feeling hungry.
You swap places.
Some of the chunks of flesh in your inventory have rotted away.
An orc comes into view. It is wielding a +0 club.
The orc shouts! x2
Found a ration.
An orc comes into view.
The orc barely misses your crimson imp.
Your crimson imp hits the orc.
An orc priest comes into view. It is wielding a +0 falchion.
Your crimson imp hits the orc.
The orc priest calls upon Beogh to heal the orc.
The orc's wounds heal themselves!
You swap places.
Your crimson imp blinks! x2
Found a robe.
You hit the orc.
Your hound disappears in a puff of smoke!
The orc hits you with a +0 club.
Your crimson imp hits the orc.
Your crimson imp blinks!
The orc hits you with a +0 short sword.
The orc priest hits your crimson imp with a +0 falchion.
You thump the orc!
You kill the orc!
Your crimson imp hits the orc priest.
The orc hits you but does no damage.
A rat comes into view.
The orc priest closely misses your crimson imp.
Your crimson imp hits the orc.
You barely miss the orc.
Your crimson imp barely misses the orc priest.
The orc barely misses you.
Your crimson imp blinks!
The orc priest hits your crimson imp with a +0 falchion.
Your crimson imp hits the orc but does no damage.
Your crimson imp barely misses the orc priest.
The orc hits you with a +0 short sword.
You hit the orc.
You kill the orc!
The orc priest invokes the aid of Beogh against you.
Beogh smites you!
* * * LOW HITPOINT WARNING * * *
Your crimson imp blinks! x2
The orc priest invokes the aid of Beogh against you.
Beogh smites you!
You die...

... ... .... 5. [... .r
.....#o ...#o##
........§+..... . #.#.#
#)§#....#.#
.#.#.###§@#....#.#.
.(...%5..+........
#...###5.#......
#...+....#....#
#...###..#....#
#########...# #..#)...#.#.#
..<.........###............
.........[..#..............
.÷.).................).....


You could see an orc priest, an orc, a rat and 3 friendly crimson imps.

Vanquished Creatures
  4 adders (D:2)
  A worm (D:2)
  3 dart slugs
  A leopard gecko (D:2)
  3 orcs (D:3)
  A ball python (D:3)
  5 bats (D:2)
  3 giant cockroaches (D:2)
  2 goblins
  3 hobgoblins
  5 kobolds
  6 rats
37 creatures vanquished.

Vanquished Creatures (collateral kills)
  2 orc wizards (D:3)
  2 adders (D:2)
  A dart slug (D:2)
  5 orcs (D:3)
  A ball python (D:1)
  A bat (D:1)
  2 quokkas (D:2)
  2 kobolds
  3 rats
19 creatures vanquished.

Grand Total: 56 creatures vanquished

Notes
Turn   | Place    | Note
-------+----------+-------------------------------------------
     0 | D:1      | MalarOregon the Merfolk Summoner began the quest for the
                  | Orb.
     0 | D:1      | Reached XP level 1. HP: 13/13 MP: 3/3
   482 | D:1      | Reached XP level 2. HP: 20/20 MP: 5/5
  1032 | D:2      | Reached skill level 1 in Fighting
  1085 | D:2      | Reached XP level 3. HP: 22/26 MP: 6/6
  1238 | D:2      | Learned a level 2 spell: Call Imp
  1242 | D:2      | Learned a level 3 spell: Call Canine Familiar
  1597 | D:2      | Reached XP level 4. HP: 25/32 MP: 7/7
  2389 | D:3      | Reached XP level 5. HP: 30/38 MP: 2/9
  2433 | D:3      | Killed from afar by an orc priest

Skill      XL: |  1  2  3  4 |
---------------+-------------+-----
Dodging        | 3 4 |  4.1
Fighting       | 1 2 |  2.2
Stealth        | |  2.1
Spellcasting   | |  2.9
Summonings     | |  4.7

Action                   |  1- 3 |  4- 6 || total
-------------------------+-------+-------++-------
Melee: Unarmed           |    18 |       ||    18
       Dagger            |    29 |       ||    29
       Mace              |    27 |    58 ||    85
 Cast: Summon Small Mamm |     9 |       ||     9
       Call Canine Famil |     3 |     7 ||    10
       Call Imp          |       |     5 ||     5
 Stab: Sleeping          |     3 |     1 ||     4
  Eat: Chunk             |     3 |     3 ||     6
Armor: Robe              |    18 |    14 ||    32
Dodge: Dodged            |    62 |    51 ||   113
